 Dungeon Crawl Stone Soup version 0.30-a0-691-g754fce4c43 (webtiles) character file.

Game seed: 16377844313732805744

266 rddays123 the Chopper (level 6, -4/53 HPs)
             Began as a Hill Orc Fighter on Jan 20, 2023.
             Slain by an iguana (5 damage)
             ... on level 6 of the Dungeon.
             The game lasted 00:06:11 (1907 turns).

rddays123 the Chopper (Hill Orc Fighter)            Turns: 1907, Time: 00:06:11

Health: -4/53      AC:  8    Str: 21    XL:     6   Next: 20%
Magic:  6/6        EV:  9    Int:  8    God:
Gold:   165        SH:  4    Dex: 10    Spells: 5/5 levels left

rFire   . . .      SeeInvis .    a - +0 war axe
rCold   . . .      Faith    .    c - +0 buckler
rNeg    . . .      Spirit   .    b - +0 scale mail
rPois   .          Reflect  .    n - +0 helmet
rElec   .          Harm     .    (no cloak)
rCorr   .          Rampage  .    (no gloves)
Will    .....                    (no boots) Stlth
                                 (no amulet)
HPRegen 0.28/turn                (no ring)
MPRegen 0.10/turn                (no ring)

@: no status effects
A: no striking features
a: no special abilities


You were on level 6 of the Dungeon.
You visited 1 branch of the dungeon, and saw 5 of its levels.

You collected 165 gold pieces.

Inventory:

Hand Weapons
 a - a +0 war axe (weapon)
Armour
 b - a +0 scale mail (worn)
 c - a +0 buckler (worn)
 n - a +0 helmet (worn)
Jewellery
 o - a +6 ring of dexterity
Wands
 q - a wand of charming (6)
Scrolls
 e - a scroll of vulnerability {unknown}
 g - 2 scrolls of identify {unknown}
 j - 4 scrolls of summoning {unknown}
 k - a scroll of fog {unknown}
 m - a scroll of torment {unknown}
 p - a scroll of teleportation {unknown}
Potions
 d - a potion of might
 f - 5 potions of curing {unknown}
 h - 3 potions of flight {unknown}
 i - a potion of heal wounds {unknown}
 l - a potion of brilliance {unknown}


   Skills:
 - Level 4.4 Fighting
 + Level 6.7 Axes
 - Level 3.6 Armour
 * Level 4.4 Shields


You had 5 spell levels left.
You didn't know any spells.
Your spell library contained the following spells:

 Spells                   Type           Power      Damage    Failure   Level
 Magic Dart               Conj           0%         1d3       83%         1
 Sting                    Tmut/Pois      0%         1d3       83%         1
 Call Imp                 Summ           0%         N/A       92%         2
 Poisonous Vapours        Pois/Air       0%         N/A       92%         2
 Mephitic Cloud           Conj/Pois/Air  0%         N/A       99%         3
 Ozocubu's Armour         Ice            0%         N/A       99%         3
 Olgreb's Toxic Radiance  Pois           0%         N/A       100%        4
 Ozocubu's Refrigeration  Ice            0%         4d7       100%        7


Dungeon Overview and Level Annotations

Branches:
Dungeon (6/15)
 Temple: D:4-7

Altars:
Ashenzari
Ru
Yredelemnul

Shops:
D:2 !   D:6 *

Annotations:
D:5 Dowan, Duvessa


Message History

Dowan zaps a wand.
The puff of flame hits you.
Found a scroll labelled SYIN COETS.
An iguana comes into view.
The iguana hisses angrily.
The iguana closely misses you. The iguana attacks as you move away!
The iguana barely misses you.
An adder comes into view.
The iguana attacks as you move away! The iguana bites you!
The iguana bites you!
Things that are here:
a +0 chain mail; a +0 whip The iguana attacks as you move away!
The iguana closely misses you.
Duvessa says, "My weaknesses are his strengths!"
The iguana attacks as you move away!
The iguana bites you but does no damage.
The iguana attacks as you move away! The iguana bites you.
The iguana attacks as you move away! The iguana closely misses you.
Found a lumpy purple potion.
Found a scroll labelled UVOOCUBR HYUPS.
There is a stone staircase leading down here.
The iguana bites you!
You climb downwards.
Found 5 gold pieces.
Found Guihytaja's Mayhem Merchandise.
There is a stone staircase leading up here.
You are too injured to fight recklessly!
You are too injured to fight recklessly!
You are too injured to fight recklessly!
You are too injured to fight recklessly!
You hit the iguana but do no damage. The iguana bites you!
* * * LOW HITPOINT WARNING * * *
You barely miss the iguana. The iguana bites you.
* * * LOW HITPOINT WARNING * * *
You barely miss the iguana.
The iguana bites you but does no damage.
The iguana bites you!
* * * LOW HITPOINT WARNING * * *
You slash the iguana!
The iguana is heavily wounded.
The iguana bites you.
You die...

### #..##
#...#
#...# .#
#...#+#.∩#
#...$....#
#..@.....#
#..l.....#
#....###+#
#....#
#....#
#....#
#....#
####+#


You could see an iguana.

Vanquished Creatures
  2 scorpions (D:5)
  A jelly (D:5)
  A hound (D:5)
  5 adders
  A white imp (D:5)
  A worm (D:2)
  A dart slug (D:1)
  An orc (D:5)
  2 ball pythons
  3 endoplasms
  3 giant cockroaches
  2 goblins (D:1)
  3 hobgoblins
  2 jackals (D:2)
  2 quokkas (D:1)
  4 bats
  A frilled lizard (D:2)
  5 kobolds
40 creatures vanquished.

Vanquished Creatures (others)
  13 plants (D:1)
13 creatures vanquished.

Grand Total: 53 creatures vanquished

Notes
Turn   | Place    | Note
-------+----------+-------------------------------------------
     0 | D:1      | rddays123 the Hill Orc Fighter began the quest for the Orb.
     0 | D:1      | Reached XP level 1. HP: 19/19 MP: 1/1
   174 | D:1      | Reached XP level 2. HP: 26/27 MP: 2/2
   232 | D:1      | Reached skill level 3 in Axes
   617 | D:2      | Reached XP level 3. HP: 33/33 MP: 3/3
   746 | D:2      | Found Sunaem's Distillery.
  1240 | D:3      | Reached skill level 4 in Axes
  1240 | D:3      | Reached XP level 4. HP: 41/41 MP: 4/4
  1278 | D:3      | You fall into a shaft and drop 2 floors!
  1278 | D:5      | Entered Level 5 of the Dungeon
  1366 | D:5      | Noticed a scorpion
  1369 | D:5      | Killed a scorpion
  1370 | D:5      | Reached skill level 5 in Axes
  1370 | D:5      | Reached XP level 5. HP: 47/47 MP: 5/5
  1446 | D:5      | Reached skill level 6 in Axes
  1601 | D:5      | Found a basalt altar of Yredelemnul.
  1601 | D:5      | Found a sacrificial altar of Ru.
  1601 | D:5      | Found a broken altar of Ashenzari.
  1607 | D:5      | Reached XP level 6. HP: 18/53 MP: 6/6
  1859 | D:5      | Noticed Dowan
  1860 | D:5      | Noticed Duvessa
  1903 | D:6      | Found Guihytaja's Mayhem Merchandise.
  1906 | D:6      | HP: 1/53 [iguana (9)]
  1907 | D:6      | Slain by an iguana

Illustrated notes

Levels and vault maps discovered:
D:1:      heliophobic_arrival_dark_side_of_the_moon, layout_basic,
          wad_woods_river_04
D:2:      layout_basic, serial_shops, shop, minmay_3d_cube
D:3:      minmay_goblin_kobold_castle, layout_basic,
          grunt_temple_overflow_order_and_chaos_1, minivault_4,
          grunt_ministairs_14, hex_medium, dk_noncrumbling_3
D:5:      layout_basic, chequers_temple_overflow_statue_of_worship,
          mainiacjoe_overflow_big_doors, uniq_duvessa
D:6:      kennysheep_kobold_camp, layout_gridville, lemuel_doored_altar,
          nemelex_diamond_rough_becter, amethyst_overflow_temple_binary,
          minmay_shop_mayhem, dilly_guarded_unrand_throatcut, uniq_grinder

Skill      XL: |  1  2  3  4  5 |
---------------+----------------+-----
Axes           | 3 4 5 6 |  6.7
Fighting       | 4 |  4.4
Shields        | 4 |  4.4
Armour         | |  3.6

Action                   |  1- 3 |  4- 6 || total
-------------------------+-------+-------++-------
Melee: War axe           |   104 |    49 ||   153
Armor: Scale mail        |    33 |    23 ||    56
Dodge: Dodged            |    41 |    27 ||    68
Block: Buckler           |    11 |     5 ||    16

Table legend: (Time is in decaauts)
 A = Elapsed time spent in this place.
 B = Non-inter-level travel time spent in this place.
 C = Inter-level travel time spent in this place.
 D = Time resting spent in this place.
 E = Time spent auto-exploring this place.
 F = Levels seen in this place.
 G = Mean time per level.
                   A        B        C        D        E       F      G
               +--------+--------+--------+--------+--------+-----+--------+
         Total |   1978 |   1925 |     53 |    339 |    955 |   5 |  395.6 |
       Dungeon |   1978 |   1925 |     53 |    339 |    955 |   5 |  395.6 |
               +--------+--------+--------+--------+--------+-----+--------+

Top non-repeatable levels by time:
     D:1: 663 daAuts
     D:5: 636 daAuts
     D:2: 625 daAuts
     D:3: 49 daAuts
     D:6: 4 daAuts
